 Dungeon Crawl Stone Soup version 0.31-a0-1009-g454b1f1e0a (webtiles) character file.

Game seed: 12945204332268661430

61864 ChronoRanger the Slayer (level 14, -2/151 HPs)
             Began as a Minotaur Fighter on Nov 15, 2023.
             Was the Champion of the Shining One.
             Slain by a demonspawn (4 damage)
             ... on level 2 of the Orcish Mines.
             The game lasted 00:48:38 (16155 turns).

ChronoRanger the Slayer (Minotaur Fighter)         Turns: 16155, Time: 00:48:39

Health: -2/151     AC: 18    Str: 27    XL:     14   Next: 62%
Magic:  7/12       EV: 13    Int:  8    God:    the Shining One [******]
Gold:   1715       SH:  9    Dex:  9    Spells: 13/13 levels left

rFire   + + +        t - +3 trident (freeze)
rCold   x x .        N - +0 kite shield
rNeg    + + +        h - +1 fire dragon scales
rPois   .            r - +2 hat
rElec   .            x - +0 cloak
rCorr   .            b - +0 pair of gloves
SInv    .            (no boots)
Will    ++...        q - amulet of regeneration Stlth
                     n - ring of flight
HPRegen 1.25/turn    F - ring "Dolaax" {rF+ rN+ Will+ Int+3}
MPRegen 0.13/turn

%: no passive effects
@: flying, glowing
A: horns 2, retaliatory headbutt, low MP 1, cold vulnerability 1
a: Renounce Religion, Divine Shield, Cleansing Flame, Summon Divine Warrior,
Brand Weapon With Holy Wrath


You were on level 2 of the Orcish Mines.
You worshipped the Shining One.
The Shining One was exalted by your worship.
You visited 4 branches of the dungeon, and saw 18 of its levels.
You also visited: Ossuary.

You collected 1823 gold pieces.
You spent 108 gold pieces at shops.

Inventory:

Hand Weapons
 a - a +1 trident
 j - the +4 quarterstaff "Beetlebane" {antimagic, rC+ SInv}
   (You took it off a wight on level 7 of the Dungeon)

   rC+:       It protects you from cold.
   SInv:      It lets you see invisible.
 t - a +3 trident of freezing (weapon)
 A - the +5 demon whip "Spellbinder" {antimagic, disrupt, Will+}
   (You took it off an orc wizard on level 7 of the Dungeon)

   Will+:     It increases your willpower.
   The Shining One disapproves of the use of such an item.
Missiles
 g - 5 throwing nets
Armour
 b - a +0 pair of gloves (worn)
 h - +1 fire dragon scales (worn)
 r - a +2 hat (worn)
 x - a +0 cloak (worn)
 z - a +0 plate armour
 N - a +0 kite shield (worn)
Jewellery
 f - a ring of wizardry
 n - a ring of flight (left hand)
 o - a ring of resist corrosion
 q - an amulet of regeneration (around neck)
 F - the ring "Dolaax" (right hand) {rF+ rN+ Will+ Int+3}
   (You acquired it on level 3 of the Lair of Beasts)

   [ring of protection from fire]

   Int+3:     It affects your intelligence (+3).
   rF+:       It protects you from fire.
   rN+:       It protects you from negative energy.
   Will+:     It increases your willpower.
 M - an amulet of reflection
 O - a ring of see invisible
Wands
 s - a wand of digging (6)
 v - a wand of flame (29)
 K - a wand of iceblast (3)
 L - a wand of polymorph (13)
 R - a wand of mindburst (7)
Scrolls
 d - 2 scrolls of revelation
 i - 3 scrolls of enchant armour
 B - a scroll of amnesia
 D - 2 scrolls of fog
 E - a scroll of immolation
 I - 3 scrolls of poison
 Q - a scroll of brand weapon
Potions
 c - a potion of attraction {unknown}
 e - 6 potions of invisibility
 l - a potion of enlightenment
 m - 2 potions of mutation
 u - 3 potions of resistance
 w - 2 potions of lignification
 G - 2 potions of brilliance
 H - a potion of magic
 J - a potion of haste


   Skills:
 * Level 21.5 Fighting
 - Level 14.0 Polearms
 + Level 11.6 Armour
 - Level 14.7 Dodging
 - Level 8.0 Shields
 - Level 2.0 Invocations


You had 13 spell levels left.
You didn't know any spells.
Your spell library contained the following spells:

 Spells                   Type           Power      Damage    Failure   Level
 Magic Dart               Conj           0%         1d3       86%         1
 Slow                     Hex            0%         N/A       86%         1
 Blink                    Tloc           0%         N/A       94%         2
 Ensorcelled Hibernation  Hex/Ice        0%         N/A       94%         2
 Jinxbite                 Hex            0%         N/A       94%         2
 Poisonous Vapours        Pois/Air       0%         N/A       94%         2
 Searing Ray              Conj           0%         2d4       94%         2
 Confusing Touch          Hex            0%         N/A       99%         3
 Dazzling Flash           Conj/Hex       0%         N/A       99%         3
 Mephitic Cloud           Conj/Pois/Air  0%         N/A       99%         3
 Sigil of Binding         Hex            0%         N/A       99%         3
 Summon Guardian Golem    Hex/Summ       0%         N/A       99%         3
 Vampiric Draining        Necr           0%         2d6       99%         3
 Volatile Blastmotes      Fire/Tloc      0%         2d10      99%         3
 Anguish                  Hex/Necr       0%         N/A       100%        4
 Cause Fear               Hex            0%         N/A       100%        4
 Fulminant Prism          Conj/Hex       0%         3d5       100%        4
 Iskenderun's Mystic Bla  Conj/Tloc      0%         2d3       100%        4
 Manifold Assault         Tloc           0%         N/A       100%        4
 Vhi's Electric Charge    Tloc/Air       0%         N/A       100%        4
 Agony                    Necr           0%         N/A       100%        5
 Arcjolt                  Conj/Air       0%         1d10      100%        5
 Freezing Cloud           Conj/Ice/Air   0%         6-21      100%        5
 Silence                  Hex/Air        0%         N/A       100%        5
 Enfeeble                 Hex            0%         N/A       100%        7
 Orb of Destruction       Conj           0%         9d5       100%        7
 Spellforged Servitor     Conj/Summ      0%         N/A       100%        7
 Maxwell's Capacitive Co  Air            0%         ∞         100%        8


Dungeon Overview and Level Annotations

Branches:
Dungeon (11/15)            Temple (1/1) D:6            Lair (4/5) D:11
  Swamp (0/4) Lair:2        Snake (0/4) Lair:3        Slime (0/5) Lair:4
    Orc (2/2) D:11            Elf (0/3) Orc:2       Ossuary (visited)

Altars:
Ashenzari
Cheibriados
Dithmenos
Elyvilon
Fedhas
Gozag
Hepliaklqana
Kikubaaqudgha
Makhleb
Okawaru
Qazlal
Ru
Sif Muna
Trog
Uskayaw
Vehumet
Wu Jian
Xom
Zin
The Shining One

Shops:
D:2 :?=(   Orc:2 ?*(:

Annotations:
Lair:3 2 transporters, Zaque's ghost, journeyman TeAE
Lair:4 exclusion: oklob plant


Innate Abilities, Weirdness & Mutations

You have a pair of horns on your head.
You reflexively headbutt those who attack you in melee.
Your magical capacity is low. (-10% MP)
You are vulnerable to cold. (rC-)


Message History

* * * LOW HITPOINT WARNING * * *
The orc high priest calls down the wrath of Beogh upon you.
Beogh smites you!
* * * LOW HITPOINT WARNING * * *
The demonspawn hits you.
* * * LOW HITPOINT WARNING * * *
The demonspawn closely misses you. The demonspawn gores you.
* * * LOW HITPOINT WARNING * * *
You hit the orc high priest. You freeze the orc high priest.
You headbutt the orc high priest!
The orc high priest is moderately wounded.
You block the demonspawn's attack. x2; The demonspawn gores you!
* * * LOW HITPOINT WARNING * * *
The orc high priest hits you with a +0 war axe!
* * * LOW HITPOINT WARNING * * *
The demonspawn misses you. You furiously retaliate!
You headbutt the demonspawn. The demonspawn claws you!
* * * LOW HITPOINT WARNING * * *
The demonspawn gores you!
* * * LOW HITPOINT WARNING * * *
Okay, then.
Okay, then.
Okay, then.
Activating: Cleansing Flame (61% risk of failure)
Press: ? - help, Dir - look around, f - activate The golden flame engulfs you but does no damage.
You resist.
The golden flame engulfs the demonspawn!!
The demonspawn writhes in agony!
The demonspawn is severely wounded.
The golden flame engulfs the orc high priest!
The orc high priest is heavily wounded.
The golden flame engulfs the demonspawn but does no damage.
The demonspawn is lightly wounded.
You hear a shout! x4
The demonspawn hits you!
* * * LOW HITPOINT WARNING * * *
The demonspawn claws you but does no damage.
The demonspawn gores you.
You die...

##).## .###....# #....... ##.)##
.## .####.######.##...
#.)###...##.# ..###....###.#....
..).)...# ...# ..###....#.......
..)#...## #..# ...###....#......
.#....##. ###.§##.#.####.........
.....##.. ∩.##§§§....###.........
.#..##... .. ##6#.....###........
.....##..#∩ ##§o@....###.........
.#....##.o###§§##6#.####......[).
..)#.).##.)#§6##...###.......()..
....))..##...##.).###...........)
#..###...##.##...## ##.^.........
##..###.))###...## #.........).
##..###...#...## ##.#<#......
##..###.#.#.## ###).......
##.)###...## ### #.).......


You could see 2 demonspawn and an orc high priest.

Vanquished Creatures
  Rupert (Lair:4)
  4 hydras
  A two-headed ogre (D:8)
  A boulder beetle (D:7)
  5 death yaks
  The ghost of voshxx the Arsonist, a journeyman TeFE of Gozag (D:11)
  5 orc high priests (Orc:2)
  4 skysharks
  A lindwurm (Lair:4)
  A bog body (Lair:2)
  6 orc knights
  4 orc sorcerers
  4 cyclopes
  A rust devil (Orc:2)
  Maurice (D:9)
  4 black mambas
  2 torpor snails
  8 cane toads
  Maggie (D:6)
  9 rime drakes
  An unseen horror (D:11)
  3 kobold demonologists
  3 komodo dragons
  6 trolls
  A hellwing (Orc:2)
  2 polar bears
  Grinder (D:6)
  6 dream sheep (Lair:3)
  21 blink frogs
  2 slime creatures (D:7)
  5 wyverns
  A vampire (D:10)
  A wraith (D:11)
  45 yaks
  3 basilisks
  4 steam dragons
  A warg (Orc:2)
  A vampire mosquito (D:7)
  2 chaos spawn (Orc:2)
  3 nagas (Lair:3)
  Menkaure (D:6)
  11 water moccasins
  5 ice beasts
  40 orc warriors
  4 sky beasts
  5 black bears
  3 centaurs
  7 ogres
  17 wolves
  2 phantoms (D:6)
  23 kobold brigands
  13 bullfrogs
  6 scorpions
  4 wights
  11 killer bees
  5 howler monkeys
  8 hounds
  14 jellies
  2 gnoll boudas
  28 orc priests
  A sleepcap (D:6)
  Crazy Yiuf (D:7)
  4 iguanas
  15 orc wizards
  6 hell rats (Lair:2)
  5 ogre zombies (Ossuary)
  7 mummies (Ossuary)
  12 gnolls
  8 adders
  2 shadow imps
  4 white imps
  2 ufetubi (D:6)
  2 adder zombies (Ossuary)
  3 worms (D:2)
  4 dart slugs
  78 orcs
  5 ball pythons
  8 endoplasms
  4 giant cockroaches
  2 gnoll zombies (Ossuary)
  9 goblins
  12 hobgoblins
  5 jackals (D:1)
  2 quokkas
  5 bats
  4 frilled lizards
  3 goblin zombies (Ossuary)
  2 hobgoblin zombies (Ossuary)
  27 kobolds
  9 kobold zombies (Ossuary)
  3 quokka zombies (Ossuary)
  6 rats
  4 rat zombies (Ossuary)
649 creatures vanquished.

Vanquished Creatures (collateral kills)
  An orc warlord (Orc:1)
  Jeremiah (D:6)
  An orc warrior (Orc:1)
  An ogre (Orc:1)
4 creatures vanquished.

Grand Total: 653 creatures vanquished

Notes
Turn   | Place    | Note
-------+----------+-------------------------------------------
     0 | D:1      | ChronoRanger the Minotaur Fighter began the quest for the
                  | Orb.
     0 | D:1      | Reached XP level 1. HP: 19/19 MP: 0/0
    79 | D:1      | Reached XP level 2. HP: 27/27 MP: 1/1
   996 | D:2      | Reached skill level 4 in Fighting
   996 | D:2      | Reached XP level 3. HP: 33/33 MP: 2/2
  1381 | D:2      | Found Qoggas's Book Shoppe.
  1519 | D:2      | Found Jodasill's Magic Scroll Shop.
  1523 | D:2      | Found Miluise's Jewellery Shoppe.
  1524 | D:2      | Bought a scroll of teleportation for 36 gold pieces
  1524 | D:2      | Bought a scroll of identify for 24 gold pieces
  1524 | D:2      | Bought a scroll of amnesia for 48 gold pieces
  1541 | D:2      | Found Tosoo's Weapon Shoppe.
  1582 | D:2      | Found a faded altar of an unknown god.
  1631 | D:2      | Reached XP level 4. HP: 40/40 MP: 3/3
  1957 | D:3      | Noticed a scorpion
  1961 | D:3      | Killed a scorpion
  1980 | D:3      | Reached XP level 5. HP: 47/47 MP: 4/4
  2339 | D:3      | Reached skill level 5 in Polearms
  2371 | D:3      | Reached skill level 5 in Fighting
  2520 | D:3      | Reached skill level 5 in Armour
  3049 | D:4      | Reached XP level 6. HP: 56/56 MP: 5/5
  3331 | D:4      | Reached XP level 7. HP: 55/62 MP: 6/6
  3466 | D:4      | Reached skill level 6 in Fighting
  3669 | D:5      | Entered Level 5 of the Dungeon
  4066 | D:6      | Noticed Jeremiah
  4132 | D:6      | Killed Jeremiah
  4133 | D:6      | Reached skill level 7 in Fighting
  4133 | D:6      | Reached XP level 8. HP: 18/73 MP: 7/7
  4333 | D:6      | Noticed Maggie
  4351 | D:6      | Killed Maggie
  4352 | D:6      | Reached skill level 8 in Fighting
  4352 | D:6      | Reached skill level 10 in Polearms
  4400 | D:6      | Noticed Grinder
  4409 | D:6      | Paralysed by Grinder for 4 turns
  4423 | D:6      | Killed Grinder
  4499 | D:6      | Found a staircase to the Ecumenical Temple.
  4563 | D:6      | Reached XP level 9. HP: 82/82 MP: 8/8
  4564 | Temple   | Entered the Ecumenical Temple
  4589 | Temple   | Became a worshipper of the Shining One
  4730 | D:6      | Reached skill level 9 in Fighting
  4736 | D:6      | Noticed Menkaure
  4743 | D:6      | Killed Menkaure
  5025 | D:7      | Noticed a boulder beetle
  5058 | D:7      | Noticed a troll
  5136 | D:7      | Reached * piety under the Shining One
  5161 | D:7      | Killed a troll
  5189 | D:7      | Identified the +4 quarterstaff "Beetlebane" {antimagic, rC+
                  | SInv}
  5249 | D:7      | Reached skill level 10 in Fighting
  5309 | D:7      | Reached XP level 10. HP: 94/94 MP: 9/9
  5507 | D:7      | Killed a boulder beetle
  5508 | D:7      | Reached skill level 11 in Fighting
  5541 | D:7      | Found a sacrificial altar of Ru.
  5546 | D:7      | Reached skill level 1 in Dodging
  5659 | D:7      | Found a runed translucent door.
  5660 | D:7      | Noticed Crazy Yiuf
  5907 | D:7      | Killed Crazy Yiuf
  5991 | D:8      | Found a sand-covered staircase.
  5996 | Ossuary  | Entered an ossuary
  6041 | Ossuary  | Reached ** piety under the Shining One
  6154 | Ossuary  | Reached *** piety under the Shining One
  6261 | Ossuary  | Reached **** piety under the Shining One
  6299 | Ossuary  | Reached skill level 5 in Dodging
  6396 | D:8      | Noticed a two-headed ogre
  6403 | D:8      | Killed a two-headed ogre
  6404 | D:8      | Reached skill level 12 in Fighting
  7095 | D:9      | Noticed Maurice
  7105 | D:9      | Killed Maurice
  7125 | D:9      | Reached XP level 11. HP: 94/105 MP: 10/10
  7147 | D:9      | Reached skill level 10 in Dodging
  7300 | D:9      | Found a shadowy altar of Dithmenos.
  7300 | D:9      | Found a glowing silver altar of Zin.
  7554 | D:10     | Entered Level 10 of the Dungeon
  7652 | D:10     | Reached skill level 13 in Fighting
  7748 | D:10     | Found an opulent altar of Gozag.
  8084 | D:10     | Found a broken altar of Ashenzari.
  8088 | D:10     | Found a burning altar of Makhleb.
  8091 | D:10     | Found a hide-covered altar of Uskayaw.
  8289 | D:10     | Reached ***** piety under the Shining One
  8302 | D:10     | Reached skill level 14 in Fighting
  8721 | D:11     | Found a staircase to the Lair.
  8737 | D:11     | Reached skill level 15 in Fighting
  8873 | D:11     | Identified the +4 leather armour of Joskeq {rC+ rCorr}
  9017 | D:11     | Found a staircase to the Orcish Mines.
  9238 | D:11     | Found a runed translucent gate.
  9238 | D:11     | Found a runed translucent gate.
  9238 | D:11     | Found a runed translucent gate.
  9239 | D:11     | Noticed voshxx's ghost (journeyman TeFE)
  9538 | D:11     | Gained mutation: Your magical capacity is low. (-10% MP) [a
                  | neqoxec]
  9616 | D:11     | Reached XP level 12. HP: 103/121 MP: 9/9
  9669 | D:11     | Killed voshxx's ghost
  9829 | Lair:1   | Entered Level 1 of the Lair of Beasts
  9859 | Lair:1   | Reached skill level 5 in Shields
  9966 | Lair:1   | Reached skill level 16 in Fighting
 10737 | Lair:2   | Found a staircase to the Swamp.
 10750 | Lair:2   | Noticed an eight-headed hydra
 10757 | Lair:2   | Killed an eight-headed hydra
 10799 | Lair:2   | Reached skill level 17 in Fighting
 11017 | Lair:2   | Noticed a five-headed hydra
 11022 | Lair:2   | Killed a five-headed hydra
 11150 | Lair:2   | Reached XP level 13. HP: 121/133 MP: 10/10
 11499 | Lair:2   | Reached skill level 18 in Fighting
 12494 | Lair:3   | Noticed Zaque's ghost (journeyman TeAE)
 12512 | Lair:3   | Found a transporter.
 12515 | Lair:3   | Found a transporter.
 12537 | Lair:3   | Found a staircase to the Snake Pit.
 12541 | Lair:3   | Reached skill level 19 in Fighting
 12835 | Lair:3   | Identified a scroll of acquirement
 12835 | Lair:3   | Acquired the ring "Dolaax" {rF+ rN+ Will+ Int+3}
 13365 | Lair:4   | Noticed Rupert
 13388 | Lair:4   | Killed Rupert
 13447 | Lair:4   | Found a staircase to the Slime Pits.
 13480 | Lair:4   | Reached skill level 20 in Fighting
 13751 | Lair:4   | Reached XP level 14. HP: 148/148 MP: 11/11
 13854 | Lair:4   | Reached skill level 10 in Armour
 14172 | Orc:1    | Entered Level 1 of the Orcish Mines
 14247 | Orc:1    | Reached ****** piety under the Shining One
 14523 | Orc:1    | Found a frozen archway.
 14635 | Orc:2    | Entered Level 2 of the Orcish Mines
 14695 | Orc:2    | Noticed an orc warlord
 14843 | Orc:1    | Killed an orc warlord
 15157 | Orc:2    | Found Eraol's Magic Scroll Shoppe.
 15187 | Orc:2    | Reached skill level 1 in Invocations
 15193 | Orc:2    | Found a staircase to the Elven Halls.
 15440 | Orc:2    | Gained mutation: You are vulnerable to cold. (rC-) [a
                  | neqoxec]
 15450 | Orc:2    | Reached skill level 21 in Fighting
 15736 | Orc:2    | Found Syulusti's General Store.
 16126 | Orc:2    | Found Tiju's Book Shop.
 16126 | Orc:2    | Found Totan's Antique Weapon Boutique.
 16155 | Orc:2    | HP: 2/151 [demonspawn (11)]
 16155 | Orc:2    | Slain by a demonspawn

Illustrated notes

Levels and vault maps discovered:
D:1:      minmay_arrival_doors, layout_basic
D:2:      minmay_skewed_foursquare, layout_loops_cross, serial_shops,
          shop_fountains, nicolae_shop_pleasant_corner_grove, shop,
          nicolae_shop_just_a_little_nook,
          hellmonk_ecumenical_altar_leap_of_faith, patterned_corridor
D:3:      layout_basic, nicolae_grassy_gnolls
D:4:      layout_basic, serial_glass, glass_columns_a, glass_columns_a
D:5:      layout_rooms, minmay_misc_feat_five
D:6:      layout_cave_pools, minmay_temple_entry_wispy, uniq_menkaure,
          uniq_jeremiah, uniq_maggie, uniq_grinder
D:7:      layout_loops_ring, mainiacjoe_overflow_brackets, minmay_the_grid_2x2
          [minmay_the_grid_embedded, minmay_the_grid_outer_circle,
          minmay_the_grid_broken_lines, minmay_the_grid_prize_big_room],
          uniq_crazy_yiuf_cottage
D:8:      layout_loops_ring, enter_ossuary_5, minmay_misc_feat_enclosed
D:9:      layout_rooms, mainiacjoe_overflow_large_starburst, uniq_maurice
D:10:     layout_loops_ring, kennysheep_mini_moat,
          nicolae_overflow_hidden_temple, special_room [special_room_kobold],
          roderic_lattice_a, nzn_life_drinkers
D:11:     layout_grid_maze, hellmonk_lair_entry_icy, serial_rivers,
          chequers_serial_rivers_marsh, chequers_serial_rivers_marsh,
          chequers_serial_rivers_marsh, chequers_serial_rivers_large_b,
          chequers_serial_rivers_marsh, gammafunk_ghost_nasty_kobolds
Temple:   nicolae_temple_ecumenical_triangle
Lair:1:   layout_regular_city, grunt_megastairs_2
Lair:2:   wad_woods_structure_01, layout_chaotic_city, skrybe_swamp_entry_bodies
Lair:3:   layout_roguey, guppyfry_snake_entry_garden, nzn_ghost_randoct,
          beast_lair_carwin_4, lemuel_fruit_tree
Lair:4:   layout_regular_city, minmay_slime_entry_jelly_boxes,
          minmay_lair_oklob_bushes, hibernation_bobbens, uniq_rupert
Orc:1:    layout_caves, portal_ice_cave_rime, special_room [special_room_orc]
Orc:2:    pf_orc_diabolical, layout_caves

Skill      XL: |  1  2  3  4  5  6  7  8  9 10 11 12 13 14 |
---------------+-------------------------------------------+-----
Polearms       | 3 4 5 6 9 11 13 14 | 14.0
Fighting       | 4 5 7 8 10 12 15 17 20 21 | 21.5
Armour         | 4 5 6 9 11 | 11.6
Shields        | 4 7 8 |  8.0
Dodging        | 9 13 14 | 14.7
Invocations    | 2 |  2.0

Action                     |  1- 3 |  4- 6 |  7- 9 | 10-12 | 13-15 || total
---------------------------+-------+-------+-------+-------+-------++-------
  Melee: Trident           |    99 |   173 |   326 |   709 |   865 ||  2172
         Headbutt          |    10 |    23 |    48 |   147 |   185 ||   413
 Invoke: Divine Shield     |       |       |       |       |     1 ||     1
         Cleansing Flame   |       |       |       |       |     1 ||     1
  Evoke: Wand              |       |       |       |       |     9 ||     9
    Use: Scroll            |     3 |     2 |    11 |    15 |     9 ||    40
         Potion            |       |       |     5 |     5 |    11 ||    21
 Armour: Scale mail        |    13 |       |       |       |       ||    13
         Chain mail        |    27 |    91 |    58 |       |       ||   176
         Fire dragon scale |       |       |   119 |   249 |   420 ||   788
         Skin              |       |       |       |       |    77 ||    77
  Dodge: Dodged            |    18 |    51 |    77 |   207 |   300 ||   653
  Block: Buckler           |    10 |    37 |    36 |    47 |       ||   130
         Kite shield       |       |       |       |    76 |   298 ||   374

Table legend: (Time is in decaauts)
 A = Elapsed time spent in this place.
 B = Non-inter-level travel time spent in this place.
 C = Inter-level travel time spent in this place.
 D = Time resting spent in this place.
 E = Time spent auto-exploring this place.
 F = Levels seen in this place.
 G = Mean time per level.
                   A        B        C        D        E       F      G
               +--------+--------+--------+--------+--------+-----+--------+
         Total |  15655 |  14934 |    721 |    888 |  10166 |  19 |  823.9 |
       Dungeon |   9371 |   8911 |    460 |    243 |   6628 |  11 |  851.9 |
        Temple |     42 |     26 |     16 |      0 |      0 |   1 |   42.0 |
          Lair |   4131 |   3904 |    227 |    288 |   2635 |   4 | 1032.8 |
  Orcish Mines |   1776 |   1759 |     17 |    357 |    700 |   2 |  888.0 |
       Ossuary |    333 |    333 |      0 |      0 |    202 |   1 |  333.0 |
               +--------+--------+--------+--------+--------+-----+--------+

Top non-repeatable levels by time:
    D:11: 1285 daAuts
  Lair:2: 1215 daAuts
   Orc:2: 1159 daAuts
  Lair:4: 1080 daAuts
    D:10: 1052 daAuts
     D:3: 997 daAuts
     D:1: 991 daAuts
     D:2: 983 daAuts
     D:7: 951 daAuts
  Lair:1: 928 daAuts
  Lair:3: 907 daAuts
     D:6: 812 daAuts
     D:4: 721 daAuts
     D:8: 679 daAuts
   Orc:1: 616 daAuts
